 Dungeon Sprint DCSS version 0.18-a0-1014-g3bbf375 (webtiles) character file.

199 pipel the Summoner (level 5, -4/28 HPs)
             Began as a Deep Elf Summoner on Jan 6, 2016.
             Was a Believer of Sif Muna.
             Slain by a shadow wraith (16 damage)
             ... in the Dungeon (Sprint VII: "The Pits").
             The game lasted 00:08:07 (437 turns).

pipel the Summoner (Deep Elf Summoner)               Turns: 437, Time: 00:08:07

Health: -4/28      AC:  2    Str:  5    XL:     5   Next: 48%
Magic:  17/17      EV: 14    Int: 21    God:    Sif Muna [**....]
Gold:   0          SH:  0    Dex: 15    Spells: 6 memorised, 2 levels left

rFire  . . .     SeeInvis .     a - +2 trident (freeze)
rCold  . . .     Gourm    .     j - +0 robe
rNeg   . . .     Faith    .     (no shield)
rPois  .         Spirit   .     (no helmet)
rElec  .         Dismiss  .     (no cloak)
rCorr  .         Reflect  .     (no gloves)
SustAt .         Harm     .     (no boots)
MR     .....     NoTele   +     (no amulet)
Stlth  ++........               (no ring)
                                (no ring)

@: very slightly contaminated, not resistant to hostile enchantments, unstealthy
A: no striking features
a: Channel Energy, Forget Spell, Renounce Religion


You were in the Dungeon.
You worshipped Sif Muna.
Sif Muna was pleased with you.
You were not hungry.

You visited 1 branch

Inventory:

Hand Weapons
 a - a +2 trident of freezing (weapon)
Missiles
 n - 7 stones (quivered)
Armour
 j - a +0 robe (worn)
Magical Staves
 b - an uncursed staff of energy
Wands
 t - a wand of teleportation (3/9)
Scrolls
 i - a scroll of blinking
 p - 3 scrolls of remove curse
 q - 5 scrolls of amnesia
 r - a scroll of summoning
 s - 2 scrolls of vulnerability
Potions
 d - 6 potions of curing
 e - 5 potions of heal wounds
 f - a potion of haste
 g - 4 potions of magic
 h - 3 potions of berserk rage
 m - 2 potions of invisibility
Books
 o - a book of Callings

   Spells                             Type                      Level
   a - Summon Small Mammal            Summoning                    1
   b - Call Imp                       Summoning                    2
   c - Call Canine Familiar           Summoning                    3
   d - Summon Guardian Golem          Hexes/Summoning              3
   e - Summon Lightning Spire         Summoning/Air                4
   f - Summon Ice Beast               Ice/Summoning                4
Comestibles
 c - 8 bread rations
 k - 40 fruits
 l - 7 meat rations
 u - a chunk of flesh


   Skills:
 + Level 0.8 Fighting
 + Level 0.5 Polearms
 + Level 0.4 Throwing
 + Level 3.9 Dodging
 + Level 3.4 Stealth
 + Level 7.7 Spellcasting
 + Level 1.6 Hexes
 + Level 8.3 Summonings
 + Level 0.2 Ice Magic
 + Level 0.8 Air Magic
 * Level 6.7 Invocations
 - Level 0.4 Evocations


You had 2 spell levels left.
You knew the following spells:

 Your Spells              Type           Power        Failure   Level  Hunger
a - Summon Small Mammal   Summ           ####         1%          1    None
b - Call Imp              Summ           #####...     1%          2    None
c - Call Canine Familiar  Summ           #####...     1%          3    None
d - Summon Guardian Gole  Hex/Summ       ####....     3%          3    None
e - Summon Lightning Spi  Summ/Air       ####....     14%         4    ###....
f - Summon Ice Beast      Ice/Summ       ####....     17%         4    ###....


Dungeon Overview and Level Annotations

Branches:
Dungeon (1/1)

Altars:
Ashenzari
Cheibriados
Dithmenos
Elyvilon
Fedhas
Kikubaaqudgha
Makhleb
Nemelex Xobeh
Okawaru
Pakellas
Ru
Sif Muna
Trog
Vehumet
Xom
Yredelemnul
Zin
The Shining One
Beogh
Jiyva
Lugonu


Message History

You channel some magical energy.
You feel somewhat more hungry.
You regained 4 mp, and now have 13/17 mp.
You channel some magical energy.
You feel somewhat more hungry.
MP restored: 17 You open the door.
A hobgoblin comes into view. It is wielding a club.
Attack whom?
Press: ? - help, Dir - move target cursor, f - hobgoblin
Aim: a hobgoblin, wielding a club (resting)
You reach to attack!
The helpless hobgoblin fails to defend itself.
You puncture the hobgoblin! You freeze the hobgoblin.
You kill the hobgoblin!
Your ice beast disappears in a puff of smoke!
There is an open door here.
As you open the door, it creaks loudly!
You hear a chilling moan.
Deactivating autopickup; reactivate with Ctrl-A.
You miss something. Something hits you!
Ouch! That really hurt!
You die...

#(#........##.......#
#รท###########.......#
#...)...# #########
#.###...# #.#.....#
#.#...#.#+#
#..)..#.#.+
#...###.#'#
#....Y8h@)#
###########


You could see a friendly ice beast, a friendly wolf and a friendly lightning
spire.

Vanquished Creatures
  Purgy (D)
  An ooze (D)
  2 orcs (D)
  A hobgoblin (D)
  A giant gecko zombie (D)
  A giant newt (D)
7 creatures vanquished.

Vanquished Creatures (collateral kills)
  Menkaure (D)
  A wolf (D)
  An orc wizard (D)
  Terence (D)
  An ufetubus (D)
  An adder zombie (D)
  2 giant geckos (D)
  2 orcs (D)
  A bat zombie (D)
  4 jackals (D)
  A jackal zombie (D)
16 creatures vanquished.

Grand Total: 23 creatures vanquished

Notes
Turn   | Place    | Note
--------------------------------------------------------------
     0 | D        | pipel the Deep Elf Summoner began the quest for the Orb.
     0 | D        | Reached XP level 1. HP: 10/10 MP: 6/6
    22 | D        | Reached skill level 5 in Summonings
    54 | D        | Found a sacrificial altar of Ru.
    54 | D        | Found a shadowy altar of Dithmenos.
    54 | D        | Found a bloodstained altar of Trog.
    54 | D        | Found a deep blue altar of Sif Muna.
    54 | D        | Found a shimmering altar of Xom.
    54 | D        | Found a sparkling altar of Nemelex Xobeh.
    54 | D        | Found a corrupted altar of Lugonu.
    54 | D        | Found a viscous altar of Jiyva.
    55 | D        | Found a basalt altar of Yredelemnul.
    55 | D        | Found a glowing golden altar of the Shining One.
    55 | D        | Found a shattered altar of Ashenzari.
    55 | D        | Found a white marble altar of Elyvilon.
    55 | D        | Found a snail-covered altar of Cheibriados.
    55 | D        | Found a blossoming altar of Fedhas.
    55 | D        | Found a radiant altar of Vehumet.
    55 | D        | Found a burning altar of Makhleb.
    55 | D        | Found an ancient bone altar of Kikubaaqudgha.
    55 | D        | Found a glowing silver altar of Zin.
    55 | D        | Found a roughly hewn altar of Beogh.
    55 | D        | Found an iron altar of Okawaru.
    56 | D        | Found an oddly glowing altar of Pakellas.
    58 | D        | Became a worshipper of Sif Muna the Loreminder
    91 | D        | Reached XP level 2. HP: 9/15 MP: 5/8
   105 | D        | Learned a level 2 spell: Call Imp
   130 | D        | Reached skill level 6 in Summonings
   135 | D        | Noticed Terence
   167 | D        | Killed Terence
   167 | D        | Reached * piety under Sif Muna
   167 | D        | Reached skill level 5 in Spellcasting
   167 | D        | Reached XP level 3. HP: 6/19 MP: 6/11
   172 | D        | Learned a level 3 spell: Call Canine Familiar
   176 | D        | Learned a level 3 spell: Summon Guardian Golem
   262 | D        | Noticed Purgy
   262 | D        | Noticed a wolf
   292 | D        | Killed Purgy
   292 | D        | Reached skill level 7 in Summonings
   292 | D        | Reached XP level 4. HP: 13/24 MP: 12/14
   298 | D        | Reached ** piety under Sif Muna
   308 | D        | Killed a wolf
   314 | D        | Learned a level 4 spell: Summon Lightning Spire
   328 | D        | Reached skill level 1 in Hexes
   338 | D        | Noticed Menkaure
   347 | D        | Reached skill level 5 in Invocations
   368 | D        | Killed Menkaure
   368 | D        | Reached skill level 8 in Summonings
   368 | D        | Reached XP level 5. HP: 5/28 MP: 12/17
   389 | D        | Learned a level 4 spell: Summon Ice Beast
   437 | D        | Slain by a shadow wraith

Vault maps used:
D:        pitsprint

Action                   |  1- 3 |  4- 6 || total
-------------------------+-------+-------++-------
Melee: Trident           |    16 |    13 ||    29
Throw: Stone             |       |    10 ||    10
 Cast: Summon Small Mamm |     9 |       ||     9
       Call Imp          |     8 |       ||     8
       Call Canine Famil |     3 |     5 ||     8
       Summon Guardian G |     2 |     2 ||     4
       Summon Lightning  |       |     2 ||     2
       Summon Ice Beast  |       |     2 ||     2
Invok: Channel Energy    |    12 |    18 ||    30
Evoke: Staff of energy   |     5 |       ||     5
  Use: Potion            |       |     1 ||     1
 Stab: Sleeping          |     1 |     1 ||     2
  Eat: Chunk             |       |     4 ||     4
